 Dungeon Crawl Stone Soup version 0.20.0-7-g3b7b877 (webtiles) character file.

3087 Kosschaser the Carver (level 9, -15/78 HPs)
             Began as a Red Draconian Abyssal Knight on May 29, 2017.
             Was an Elder of Lugonu.
             Demolished by Gastronok (39 damage)
             ... on level 8 of the Dungeon.
             The game lasted 00:27:09 (6949 turns).

Kosschaser the Carver (DrAK)                        Turns: 6949, Time: 00:27:10

Health: -15/78     AC: 14    Str: 14    XL:     9   Next: 59%
Magic:  10/10      EV: 17    Int: 12    God:    Lugonu [****..]
Gold:   529        SH:  0    Dex: 15    Spells: 8/8 levels left

rFire    + . .     SeeInvis .   O - +0 scimitar
rCold    . . .     Gourm    .   (no shield)
rNeg     . . .     Faith    .   (armour unavailable)
rPois    .         Spirit   .   l - +0 hat
rElec    .         Reflect  .   A - +0 cloak
rCorr    .         Harm     .   n - +0 pair of gloves
MR       +....                  (no boots)
Stlth    +.........             (no amulet)
Regen    0.3/turn               f - +5 ring of protection
MPRegen  0.2/turn               J - ring of protection from magic

@: no status effects
A: breathe fire, unfitting armour, fire resistance 1, cold-blooded, AC +7
a: Breathe Fire, Depart the Abyss, Bend Space, Banish, Corrupt, Renounce
Religion


You were on level 8 of the Dungeon.
You worshipped Lugonu.
Lugonu was greatly pleased with you.
You were not hungry.

You visited 1 branch of the dungeon, and saw 8 of its levels.
You visited the Abyss 1 time.
You also visited: Ossuary.

You collected 529 gold pieces.

Inventory:

Hand Weapons
 O - a +0 scimitar (weapon)
Armour
 l - a +0 hat (worn)
 n - a +0 pair of gloves (worn)
 A - a +0 cloak (worn)
Jewellery
 a - an uncursed ring of fire
 d - an uncursed ring of magical power
 f - a +5 ring of protection (left hand)
 j - an uncursed ring of see invisible
 y - a +4 ring of dexterity
 H - an uncursed ring of positive energy
 J - a ring of protection from magic (right hand)
Wands
 r - a wand of digging (12/24)
 s - a wand of iceblast (0/15)
 C - a wand of clouds (3/9)
 G - a wand of disintegration (8/24)
 M - a wand of enslavement (17/24)
Scrolls
 i - 3 scrolls of enchant weapon
 m - 2 scrolls of recharging
 q - 4 scrolls of amnesia
 t - a scroll of enchant armour {unknown}
 u - 2 scrolls of remove curse {unknown}
 v - 2 scrolls of blinking {unknown}
 x - 2 scrolls of teleportation {unknown}
 z - 3 scrolls of magic mapping
Potions
 c - 3 potions of haste
 e - 3 potions of curing
 k - 2 potions of cancellation {unknown}
 o - 3 potions of flight {unknown}
 B - 3 potions of brilliance {unknown}
 E - 3 potions of agility {unknown}
 F - 2 potions of invisibility {unknown}
 I - a potion of degeneration {unknown}
Comestibles
 b - 5 bread rations
 g - 2 chunks of flesh
 h - 3 meat rations
 p - 2 fruits
 w - 4 royal jellies


   Skills:
 + Level 6.6 Fighting
 + Level 9.7 Long Blades
 + Level 7.4 Dodging
 + Level 0.6 Unarmed Combat
 + Level 2.3 Invocations


You had 8 spell levels left.
You didn't know any spells.

Dungeon Overview and Level Annotations

Branches:
Dungeon (7/15)             Temple (0/1) D:5

Altars:
Fedhas

Shops:
D:5 *

Annotations:
D:8 Gastronok


Innate Abilities, Weirdness & Mutations

You can breathe blasts of fire.
Your fiery red scales are hard. (AC +7)
You cannot fit into any form of body armour.
Your flesh is heat resistant. (rF+)
You are cold-blooded and may be slowed by cold attacks.


Message History

Gastronok is moderately wounded.
You hit Gastronok.
Gastronok is moderately wounded.
Gastronok waves his eye-stalks in wide circles.
The air twists around and strikes you!
You hit Gastronok. You tail-slap Gastronok.
Gastronok is moderately wounded.
You slash Gastronok!
Gastronok is heavily wounded.
You slash Gastronok!
Gastronok is heavily wounded.
You have got your breath back.
Gastronok bites you!!
* * * LOW HITPOINT WARNING * * *
You feel better.
You slash Gastronok!
Gastronok is heavily wounded.
Gastronok bites you!!!
Ouch! That really hurt!
You die...

#.....##...
#)........#
#.....##...
#.....##.##
######.####...
#...........##
##.####.#######
########...###.#
#
#...w@.........#
#.######...#####
##.## #.# #.#
#.# #.# #.# #.#


You could see Gastronok.

Vanquished Creatures
  Duvessa (D:6)
  An orc warrior (D:7)
  The ghost of Zaque the Cudgeler, an amateur TrMo (D:3)
  2 phantoms
  An ice beast (D:7)
  4 necrophages (D:7)
  2 centaurs (D:6)
  2 ogres
  3 elf zombies (Ossuary)
  5 bullfrogs
  Dowan (D:6)
  A scorpion (D:5)
  3 wights (D:7)
  A centaur zombie (D:5)
  A bullfrog zombie (D:6)
  2 crimson imps (D:7)
  A quasit (D:6)
  A hound (D:4)
  A jelly (D:5)
  Crazy Yiuf (D:4)
  2 orc priests
  4 orc wizards
  Ijyb (D:4)
  Natasha (twice) (D:2)
  2 iguanas
  3 worker ants
  A big kobold zombie (Ossuary)
  A killer bee zombie (D:7)
  4 hound zombies
  5 mummies
  A worker ant zombie (D:5)
  Robin (D:4)
  A howler monkey skeleton (D:7)
  12 adders
  3 adder zombies
  3 worms
  A dart slug (D:1)
  10 leopard geckos
  31 orcs
  A giant cockroach (D:1)
  12 goblins
  13 hobgoblins
  9 jackals
  2 quokkas
  3 ball pythons
  8 bats
  6 frilled lizards
  A gnoll zombie (Ossuary)
  A goblin zombie (Ossuary)
  A jackal zombie (Ossuary)
  13 kobolds
  A kobold zombie (D:5)
  2 leopard gecko skeletons (D:4)
  An orc zombie (D:5)
  5 rats
202 creatures vanquished.

Vanquished Creatures (others)
  A bush (D:7)
  6 plants (D:7)
7 creatures vanquished.

Grand Total: 209 creatures vanquished

Notes
Turn   | Place    | Note
-------+----------+-------------------------------------------
     0 | Abyss:1  | Kosschaser the Draconian Abyssal Knight began the quest for the Orb.
     0 | Abyss:1  | Reached XP level 1. HP: 19/19 MP: 2/2
    38 | Abyss:1  | Noticed a tentacled starspawn
    38 | D:1      | Escaped the Abyss
   239 | D:1      | Reached * piety under Lugonu
   406 | D:1      | Reached XP level 2. HP: 22/26 MP: 3/3
   778 | D:1      | Reached XP level 3. HP: 31/33 MP: 4/4
   977 | D:2      | Noticed Natasha
   983 | D:2      | Killed Natasha
   983 | D:2      | Reached XP level 4. HP: 39/40 MP: 5/5
  1055 | D:2      | Reached skill level 3 in Long Blades
  1094 | D:2      | Noticed Natasha
  1103 | D:2      | Killed Natasha
  1151 | D:2      | Reached ** piety under Lugonu
  1388 | D:2      | Reached XP level 5. HP: 46/46 MP: 6/6
  1802 | D:3      | Noticed Zaque's ghost (amateur TrMo)
  1841 | D:3      | Killed Zaque's ghost
  1841 | D:3      | Reached skill level 4 in Long Blades
  2155 | D:3      | Reached XP level 6. HP: 52/52 MP: 7/7
  3052 | D:4      | Your scales start taking on a fiery red colour.
  3052 | D:4      | Reached XP level 7. HP: 44/60 MP: 8/8
  3052 | D:4      | Gained mutation: Your flesh is heat resistant. (rF+) [Red Draconian growth]
  3158 | D:4      | Reached skill level 5 in Dodging
  3159 | D:4      | Noticed Robin
  3163 | D:4      | Reached *** piety under Lugonu
  3204 | D:4      | Killed Robin
  3204 | D:4      | Reached skill level 5 in Long Blades
  3262 | D:4      | Noticed Ijyb
  3291 | D:4      | Killed Ijyb
  3945 | D:4      | Found a runed door.
  3949 | D:4      | Noticed Crazy Yiuf
  3952 | D:4      | Killed Crazy Yiuf
  3992 | D:5      | Entered Level 5 of the Dungeon
  4114 | D:5      | Found a staircase to the Ecumenical Temple.
  4299 | D:5      | Found Caileuxi's Assorted Antiques.
  4331 | D:5      | Found a sand-covered staircase.
  4335 | D:5      | Reached skill level 6 in Long Blades
  4346 | Ossuary  | Entered an ossuary
  4360 | Ossuary  | Reached skill level 5 in Fighting
  4372 | Ossuary  | Reached **** piety under Lugonu
  4372 | Ossuary  | Reached XP level 8. HP: 21/68 MP: 9/9
  5142 | D:6      | Reached skill level 7 in Long Blades
  5296 | D:6      | Noticed Duvessa
  5297 | D:6      | Noticed Dowan
  5315 | D:6      | Killed Duvessa
  5324 | D:6      | Killed Dowan
  5336 | D:6      | Got a crystal whip
  5337 | D:6      | Identified the +9 whip of Heschod {flame, rPois} (You found it on level 6 of the Dungeon)
  5365 | D:6      | Reached skill level 8 in Long Blades
  5779 | D:6      | Reached XP level 9. HP: 41/75 MP: 10/10
  6082 | D:7      | Found a blossoming altar of Fedhas.
  6324 | D:7      | Reached skill level 9 in Long Blades
  6403 | D:7      | Identified a scroll of acquirement
  6908 | D:7      | You fall through a shaft!
  6935 | D:8      | Noticed Gastronok
  6949 | D:8      | Demolished by Gastronok

Skill      XL: |  1  2  3  4  5  6  7  8  9 |
---------------+----------------------------+-----
Fighting       | 4 5 6 |  6.6
Long Blades    | 3 4 6 8 9 |  9.7
Dodging        | 3 4 5 6 7 |  7.4
Unarmed Combat | |  0.6
Invocations    | |  2.3

Action                   |  1- 3 |  4- 6 |  7- 9 || total
-------------------------+-------+-------+-------++-------
Melee: Falchion          |    93 |   209 |   385 ||   687
       Tailslap          |     9 |    27 |    92 ||   128
       Unarmed           |       |     8 |       ||     8
       Punch             |       |       |     2 ||     2
       Scimitar          |       |       |    52 ||    52
Invok: Depart the Abyss  |     1 |       |       ||     1
 Abil: Breathe Fire      |       |       |    30 ||    30
Evoke: Wand              |       |     5 |     1 ||     6
  Use: Potion            |       |       |     2 ||     2
       Scroll            |       |       |    12 ||    12
 Stab: Sleeping          |       |     1 |     2 ||     3
       Confused          |       |     1 |       ||     1
  Eat: Chunk             |       |     6 |    15 ||    21
       Bread ration      |       |       |     1 ||     1
       Fruit             |       |       |     1 ||     1
Armor: Skin              |    30 |   124 |   171 ||   325
Dodge: Dodged            |    63 |   204 |   353 ||   620
       Rpst.: Falchion   |    20 |    64 |   102 ||   186
       Scimitar          |       |       |    15 ||    15
